 Dungeon Crawl Stone Soup version 0.24-a0-471-g3302cd442e (webtiles) character file.

Game seed: 6369530955141639363

177 mhoghedin the Ducker (level 5, 0/37 HPs)
             Began as an Octopode Fighter on July 4, 2019.
             Slain by a hippogriff (6 damage)
             ... on level 4 of the Dungeon.
             The game lasted 00:03:14 (2242 turns).

mhoghedin the Ducker (Octopode Fighter)             Turns: 2242, Time: 00:03:15

Health: 0/37       AC:  1    Str: 22    XL:     5   Next: 57%
Magic:  5/5        EV: 12    Int: 10    God:
Gold:   119        SH: 12    Dex: 11    Spells: 4/4 levels left

rFire    . . .     SeeInvis .   a - +0 rapier
rCold    . . .     Gourm    .   b - +0 shield
rNeg     . . .     Faith    .   (helmet restricted)
rPois    .         Spirit   .   m - +3 amulet of reflection
rElec    .         Reflect  +   (no ring)
rCorr    .         Harm     .   (no ring)
MR       .....                  (no ring)
Stlth    +++.......             (no ring)
HPRegen  0.12/turn              (no ring)
MPRegen  0.09/turn              (no ring)
                                (no ring)
                                (no ring)

@: mighty
A: almost no armour, stealthy swim, amphibious, 8 rings, constrict 8, camouflage
1, gelatinous body 1
a: no special abilities


You were on level 4 of the Dungeon.
You were not hungry.

You visited 1 branch of the dungeon, and saw 4 of its levels.

You collected 119 gold pieces.

Inventory:

Hand Weapons
 a - a +0 rapier (weapon)
Missiles
 i - 61 poisoned darts (quivered)
Armour
 b - a +0 shield (worn)
Magical Staves
 s - an uncursed staff of conjuration {unknown}
   (You found it on level 3 of the Dungeon)
Jewellery
 m - a +3 amulet of reflection (around mantle)
   (You found it on level 2 of the Dungeon)
Scrolls
 e - a scroll of fog {unknown}
 f - 2 scrolls of teleportation
 h - 2 scrolls of remove curse {unknown}
 j - 2 scrolls of identify
 l - a scroll of blinking {unknown}
Potions
 n - a potion of brilliance {unknown}
 o - a potion of berserk rage {unknown}
 p - 2 potions of resistance {unknown}
 q - a potion of mutation {unknown}
 r - a potion of ambrosia {unknown}
Comestibles
 d - 2 rations


   Skills:
 + Level 3.8 Fighting
 + Level 3.0 Short Blades
 + Level 3.8 Dodging
 + Level 3.1 Stealth
 + Level 3.7 Shields


You had 4 spell levels left.
You didn't know any spells.
Your spell library was empty.

Dungeon Overview and Level Annotations

Branches:
Dungeon (4/15)             Temple (0/1) D:4

Altars:

Annotations:
D:3 Sigmund


Innate Abilities, Weirdness & Mutations

You cannot wear most types of armour.
You are very stealthy in the water. (Stealth+)
You are amphibious.
You can wear up to eight rings at the same time.
You can use your tentacles to constrict eight enemies at once.
Your skin changes colour to match your surroundings (Stealth+).
Your rubbery body absorbs attacks. (AC +1, EV +1)


Message History

You hit the bat.
You kill the bat!
No target in view!
You see here a club.
There is a stone staircase leading down here.
You climb downwards.
Level annotation: Sigmund
There is a stone staircase leading up here.
No target in view!
There is a stone staircase leading down here.
You climb downwards.
You hear the sound of rushing water.
There is an entrance to a sewer on this level.
Hurry and find it before the portal rusts away!
There is a stone staircase leading up here.
There is a stone staircase leading up here.
Found a stone staircase leading down.
A hippogriff and a phantom come into view.
The phantom hits you.
The phantom blinks!
You take 5 damage, and have 26/31 hp.
The phantom blinks!
The phantom blinks!
There is a stone staircase leading up here.
You puncture the phantom! The phantom hits you.
The phantom blinks!
You take 5 damage, and have 23/31 hp.
You hit the phantom. The phantom hits you.
You take 2 damage, and have 21/31 hp.
You miss the phantom. The phantom barely misses you.
You closely miss the phantom.
The phantom blinks!
You miss the phantom. You squeeze the phantom. The phantom hits you!
You take 8 damage, and have 13/31 hp.
MASSIVE DAMAGE!!
You hit the phantom. Your squeeze misses the phantom. The phantom hits you!
* * * LOW HITPOINT WARNING * * *
You take 8 damage, and have 5/31 hp.
MASSIVE DAMAGE!!
You hit the phantom. You squeeze the phantom.
You hear the slow rusting of a very distant drain.
The phantom blinks!
You closely miss the phantom. You squeeze the phantom!
You destroy the phantom!
Your Short Blades skill increases to level 3!
Your Stealth skill increases to level 3!
You have reached level 5!
You feel stronger.
MP restored: 5 You start resting.
You hear the slow rusting of a very distant drain.
You hear the sound of rushing water.
There is an entrance to a sewer on this level.
Hurry and find it before the portal rusts away!
Welcome back, mhoghedin the Octopode Fighter.
You start resting.
You hear the slow rusting of a very distant drain.
You regained 6 hp, and now have 18/37 hp.
You start resting.
You hear the slow rusting of a very distant drain.
You regained 6 hp, and now have 24/37 hp.
You start resting.
You hear the slow rusting of a very distant drain.
You regained 6 hp, and now have 30/37 hp.
As you read the scroll labeled ASCHIO YGUNT, it crumbles to dust.
You hear a loud clanging noise!
It was a scroll of noise.
You hear a screech!
You hear an angry hiss.
As you read the scroll labeled BYICLAN PACK, it crumbles to dust.
It is a scroll of identify.
f - 2 scrolls of teleportation
As you read the scroll labeled HUATIO URGHIJAS, it crumbles to dust.
You feel aware of your surroundings.
You sensed 2 shops/portals.
It was a scroll of magic mapping.
Okay, then.
Unknown command.
Unknown command.
You aren't carrying any items that you can evoke without wielding.
You feel very mighty all of a sudden.
A frilled lizard comes into view.
You block the hippogriff's attack. The hippogriff pecks you.
The hippogriff closely misses you.
You take 4 damage, and have 27/37 hp.
You puncture the hippogriff! You block the hippogriff's attack.
The hippogriff pecks you! The hippogriff completely misses you.
You take 8 damage, and have 19/37 hp.
MASSIVE DAMAGE!!
You hit the hippogriff but do no damage.
Your squeeze misses the hippogriff. You block the hippogriff's attack. x3
You puncture the hippogriff! The hippogriff bites you.
You block the hippogriff's attack. The hippogriff claws you.
You take 4 damage, and have 15/37 hp.
You closely miss the hippogriff. Your squeeze misses the hippogriff.
The hippogriff barely misses you. x2; The hippogriff claws you.
* * * LOW HITPOINT WARNING * * *
A river rat comes into view.
You take 6 damage, and have 9/37 hp.
Unknown command.
Unknown command.
You puncture the hippogriff! Your squeeze misses the hippogriff.
The hippogriff bites you.
* * * LOW HITPOINT WARNING * * *
The hippogriff misses you. You block the hippogriff's attack. x2
The hippogriff pecks you.
You die...

#### ###..# *
###<...############
*
#...##...@H#......#
*
##.########l.......#
** #..# ###......##
,* #.## #.>.....#***
** ,* ### ******
#..........#**, ,*
*,,,,*
#.........)..,, ,*
*,,,,*
#........H...,, ,***
*****,,,,*
###.###....##*,
,,,****,,,,,,,,*
#.#**..### **


You could see a hippogriff and a frilled lizard.

Vanquished Creatures
  A phantom (D:4)
  Robin (D:2)
  An adder (D:2)
  An ooze (D:2)
  A worm (D:2)
  2 dart slugs
  2 leopard geckos
  A ball python (D:1)
  4 giant cockroaches
  19 goblins
  4 hobgoblins
  4 bats
  3 frilled lizards
  6 kobolds
  7 rats
57 creatures vanquished.

Notes
Turn   | Place    | Note
-------+----------+-------------------------------------------
     0 | D:1      | mhoghedin the Octopode Fighter began the quest for the Orb.
     0 | D:1      | Reached XP level 1. HP: 16/16 MP: 1/1
   101 | D:1      | Reached XP level 2. HP: 21/21 MP: 2/2
   172 | D:1      | Reached skill level 1 in Stealth
   528 | D:1      | Reached XP level 3. HP: 26/26 MP: 3/3
   874 | D:2      | Noticed Robin
   905 | D:2      | Killed Robin
   922 | D:2      | Reached skill level 2 in Stealth
  1071 | D:2      | Reached XP level 4. HP: 31/31 MP: 4/4
  1836 | D:3      | Noticed Sigmund
  1996 | D:4      | Noticed a hippogriff
  1996 | D:4      | Noticed a phantom
  2022 | D:4      | HP: 5/31 [phantom (8)]
  2024 | D:4      | Killed a phantom
  2024 | D:4      | Reached skill level 3 in Short Blades
  2024 | D:4      | Reached skill level 3 in Stealth
  2024 | D:4      | Reached XP level 5. HP: 6/37 MP: 5/5
  2241 | D:4      | HP: 9/37 [hippogriff (6)]
  2242 | D:4      | Slain by a hippogriff

Levels and vault maps discovered:
D:1:      lemuel_arrival_hallway, layout_loops_ring
D:2:      layout_basic, uniq_robin
D:3:      layout_basic, nicolae_ru_path_of_blood, tso_altar,
          gammafunk_temple_overflow_pools, serial_forest,
          infiniplex_forest_lined_2, infiniplex_forest_clump_small,
          infiniplex_forest_straight_1, infiniplex_forest_zigzag_1,
          infiniplex_forest_clump_tiny, first_ration, due_unseen_surprise,
          uniq_sigmund
D:4:      layout_rooms, minmay_temple_entry_antechambers, serial_shops, shop,
          lightli_sewer_entry_pipes, uniq_duvessa

Skill      XL: |  1  2  3  4 |
---------------+-------------+-----
Stealth        | 1 2 3 |  3.1
Short Blades   | 3 |  3.0
Fighting       | |  3.8
Dodging        | |  3.8
Shields        | |  3.7

Action                   |  1- 3 |  4- 6 || total
-------------------------+-------+-------++-------
Melee: Rapier            |    56 |    46 ||   102
       Constrict         |    17 |     6 ||    23
       Tentacles         |    10 |     6 ||    16
  Use: Scroll            |       |     3 ||     3
       Potion            |       |     1 ||     1
 Stab: Sleeping          |     4 |     8 ||    12
  Eat: Ration            |       |     1 ||     1
       Chunk             |       |     1 ||     1
Armor: Skin              |     4 |    12 ||    16
Dodge: Dodged            |     8 |    42 ||    50
Block: Shield            |    20 |    48 ||    68
       Reflection        |       |     1 ||     1

Table legend:
 A = Non-vault XP
 B = Vault XP
 C = Vault XP percentage of total XP
 D = Non-vault monster count
 E = Vault monster count
 F = Vault count percentage of total count
                 A         B        C        D         E       F
            +---------+---------+-------+---------+---------+-------
      Total |     220 |      34 |  13.4 |      45 |      12 |  21.1
            +---------+---------+-------+---------+---------+-------
        D:1 |      39 |       0 |   0.0 |      24 |       0 |   0.0
        D:2 |      53 |      34 |  39.1 |      19 |      12 |  38.7
        D:3 |       3 |       0 |   0.0 |       1 |       0 |   0.0
        D:4 |     125 |       0 |   0.0 |       1 |       0 |   0.0
            +---------+---------+-------+---------+---------+-------

Levels and vault maps discovered:
D:1:      lemuel_arrival_hallway, layout_loops_ring
D:2:      layout_basic, uniq_robin
D:3:      layout_basic, nicolae_ru_path_of_blood, tso_altar,
          gammafunk_temple_overflow_pools, serial_forest,
          infiniplex_forest_lined_2, infiniplex_forest_clump_small,
          infiniplex_forest_straight_1, infiniplex_forest_zigzag_1,
          infiniplex_forest_clump_tiny, first_ration, due_unseen_surprise,
          uniq_sigmund
D:4:      layout_rooms, minmay_temple_entry_antechambers, serial_shops, shop,
          lightli_sewer_entry_pipes, uniq_duvessa

Table legend:
 A = Turns spent in this place as a percentage of turns spent in the entire game.
 B = Non-inter-level travel turns spent in this place as a percentage of non-inter-level travel turns spent in the entire game.
 C = Inter-level travel turns spent in this place as a percentage of turns spent in this place.
 D = Turns resting spent in this place as a percentage of non-inter-level travel turns spent in this place.
 E = Turns spent auto-exploring this place as a percentage of non-inter-level travel turns spent in this place.
 F = Non-inter-level travel turns spent in this place divided by the number of levels of this place that you've seen.
                   A       B       C       D       E      F
               +-------+-------+-------+-------+-------+----------------------
         Total | 100.0 | 100.0 |   6.3 |  20.1 |  58.7 | 525.0
       Dungeon | 100.0 | 100.0 |   6.3 |  20.1 |  58.7 | 525.0
               +-------+-------+-------+-------+-------+----------------------

Table legend:
 A = Kills in this place as a percentage of kills in entire the game.
 B = Kills by you in this place as a percentage of kills by you in the entire game.
 C = Kills by friends in this place as a percentage of kills by friends in the entire game.
 D = Other kills in this place as a percentage of other kills in the entire game.
 E = Experience gained in this place as a percentage of experience gained in the entire game.
 F = Experience gained in this place divided by the number of levels of this place that you have seen.
                   A       B       C       D       E      F
               +-------+-------+-------+-------+-------+----------------------
         Total | 100.0 | 100.0 |   N/A |   N/A | 100.0 |  63.5
       Dungeon | 100.0 | 100.0 |   N/A |   N/A | 100.0 |  63.5
               +-------+-------+-------+-------+-------+----------------------
